 Dungeon Crawl Stone Soup version 0.29-a0-234-g0dae59b3db (webtiles) character file.

Game seed: 18036310576480043381

53 EnegeticOcto the Shooter (level 3, 0/26 HPs)
             Began as a Palentonga Hunter on Mar 2, 2022.
             Succumbed to an adder's poison
             ... on level 2 of the Dungeon.
             The game lasted 00:02:22 (1270 turns).

EnegeticOcto the Shooter (Palentonga Hunter)        Turns: 1270, Time: 00:02:23

Health: 0/26       AC:  4    Str: 15    XL:     3   Next: 64%
Magic:  3/3        EV:  9    Int: 11    God:
Gold:   136        SH:  0    Dex: 12    Spells: 2/2 levels left

rFire   + . .      SeeInvis +   a - +1 shortbow
rCold   + . .      Faith    .   (shield currently unavailable)
rNeg    . . .      Spirit   .   c - +0 leather armour
rPois   .          Reflect  .   (no helmet)
rElec   .          Harm     .   d - scarf {rC+ rF+}
rCorr   .          Rampage  .   (no gloves)
Will    .....                   (no barding)
Stlth   +.........              n - amulet of the acrobat
HPRegen 0.08/turn               (no ring)
MPRegen 0.08/turn               (no ring)

@: lethally poisoned (0 -> -7), invisible
A: large, rugged brown scales 3, see invisible, deformed body, roll 1, armoured
tail, stinger 1, frail 1, subdued magic 1
a: Rolling Charge


You were on level 2 of the Dungeon.
You visited 1 branch of the dungeon, and saw 2 of its levels.

You collected 136 gold pieces.

Inventory:

Hand Weapons
 a - a +1 shortbow (weapon)
 b - a +0 quarterstaff
   (You found it on level 1 of the Dungeon)
Missiles
 j - 9 poisoned darts
 o - 3 curare-tipped darts
 q - a throwing net {!f}
Armour
 c - a +0 leather armour (worn)
 d - a scarf of resistance (worn)
   (You found it on level 1 of the Dungeon)
 f - a +0 chain mail
   (You found it on level 1 of the Dungeon)
Jewellery
 n - an amulet of the acrobat (around neck)
   (You found it on level 2 of the Dungeon)
Scrolls
 g - a scroll of magic mapping {unknown}
 k - 2 scrolls of vulnerability {unknown}
 l - a scroll of teleportation {unknown}
 m - 3 scrolls of identify {unknown}
 r - a scroll of enchant weapon {unknown}
 s - a scroll of torment {unknown}
Potions
 h - a potion of curing {unknown}
 i - a potion of attraction {unknown}
 t - a potion of mutation


   Skills:
 - Level 2.0 Fighting
 + Level 4.3 Bows
 - Level 1.5 Dodging
 + Level 0.9 Stealth


You had 2 spell levels left.
You didn't know any spells.
Your spell library contained the following spells:

 Spells                   Type           Power      Damage    Failure   Level
 Apportation              Tloc           0%         N/A       36%         1


Dungeon Overview and Level Annotations

Branches:
Dungeon (2/15)

Altars:


Innate Abilities, Weirdness & Mutations

You are completely covered in rugged brown scales. (AC +3, +7% HP)
You have supernaturally acute eyesight. (SInv)
Armour fits poorly on your strangely shaped body.
You can roll at nearby foes to attack.
You have a long armoured tail.
Your tail ends in a venomous barb.
You are frail. (-10% HP)
Your spells are a little easier to cast, but a little less powerful.


Message History

You are no longer poisoned.
An adder comes into view.
An adder is nearby!
m - 3 scrolls labelled LAHUEQ AGOFIE (gained 1)
Things that are here:
a +1 short sword of holy wrath; 2 stones; a kobold corpse The teleport trap disappears.
The adder disappears!
A jackal comes into view.
You shoot an arrow. The arrow closely misses the jackal.
The jackal barks!
You shoot an arrow. The arrow hits the jackal.
The jackal is heavily wounded.
A jackal comes into view.
The jackal moves out of view.
You shoot an arrow.
The arrow hits the jackal but does no damage.
The jackal is heavily wounded.
A jackal comes into view.
You shoot an arrow. The arrow closely misses the jackal.
The jackal barks!
The arrow hits the jackal but does no damage.
You hear a bark!
The jackal bites you but does no damage. x2
You hear a bark!
You shoot an arrow. The arrow barely misses the jackal.
The arrow hits the jackal.
You kill the jackal!
You hear an angry hiss.
The jackal closely misses you.
The jackal bites you but does no damage.
You shoot an arrow. The arrow misses the jackal.
The jackal bites you.
The jackal bites you but does no damage.
You shoot an arrow. The arrow hits the jackal.
You kill the jackal!
No target in view!
No target in view!
No target in view!
An adder is nearby!
An adder is nearby!
You shoot an arrow. The arrow misses the adder.
You shoot an arrow. The arrow misses the adder.
You shoot an arrow. The arrow misses the adder.
You shoot an arrow. The arrow closely misses the adder.
The adder barely misses you.
You shoot an arrow. The arrow misses the adder.
The adder closely misses you. The adder completely misses you.
You shoot an arrow. The arrow closely misses the adder.
The adder closely misses you.
You shoot an arrow. The arrow barely misses the adder.
The adder bites you but does no damage. The adder bites you.
You are poisoned.
The adder poisons you!
You shoot an arrow. The arrow hits the adder.
The adder is moderately wounded.
You feel sick. The adder barely misses you.
The adder bites you but does no damage.
You shoot an arrow. The arrow closely misses the adder.
You feel sick. The adder bites you.
You shoot an arrow. The arrow barely misses the adder.
You feel sick.
You are no longer poisoned.
The adder barely misses you. The adder closely misses you.
You shoot an arrow. The arrow hits the adder.
The adder is heavily wounded.
The adder barely misses you. The adder bites you.
You are poisoned.
The adder poisons you!
You are too injured to fight recklessly!
You are too injured to fight recklessly!
You are too injured to fight recklessly!
You are too injured to fight recklessly!
You are too injured to fight recklessly!
You are too injured to fight recklessly!
You are too injured to fight recklessly!
You are too injured to fight recklessly!
You are too injured to fight recklessly!
Shoot: a) +1 shortbow
Press: ? - help, Q - select action, (/) - cycle Shift-Dir - straight line, f/p - adder
Aim: an adder (heavily wounded, 44% to hit)
You shoot an arrow. The arrow barely misses the adder.
You feel sick. The adder bites you.
You are more poisoned.
The adder poisons you!
You feel sick. The adder misses you. The adder bites you.
You are lethally poisoned!
The adder poisons you!
You feel very sick.
It was a potion of invisibility.
You fade into invisibility!
* * * LOW HITPOINT WARNING * * *
You feel very sick. The adder bites you.
* * * LOW HITPOINT WARNING * * *
It was a potion of mutation.
You feel extremely strange.
You feel frail.
A venomous barb forms on the end of your tail.
Your connection to magic feels subdued.
* * * LOW HITPOINT WARNING * * *
You feel sick. The adder barely misses you.
It was a potion of magic.
Magic courses through your body.
You die...

#..#P#.. .#.#..##
#.#
#...#.#####.#...#
#.#
##...#..P..#...##
#.# ##...#####...##
#.# ##..........#
#.# #####..##.##..##
#.# .....#.##......#
#.#
####)#.##..###.#####
#.#.##..# #..@S.#
#.#.###.###.###†#
#...........# #.#
#### ###.#########
#.# .... #.# #.#
#### #.# #†# #.# #.#
#.# #.# #.#


You could see an adder.

Vanquished Creatures
  2 adders (D:2)
  A dart slug (D:2)
  3 ball pythons
  2 endoplasms (D:1)
  2 giant cockroaches
  4 goblins
  3 hobgoblins
  5 jackals
  A quokka (D:1)
  2 bats
  A frilled lizard (D:1)
  3 kobolds
  A rat (D:2)
30 creatures vanquished.

Vanquished Creatures (others)
  A fungus (D:2)
  A plant (D:2)
2 creatures vanquished.

Grand Total: 32 creatures vanquished

Notes
Turn   | Place    | Note
-------+----------+-------------------------------------------
     0 | D:1      | EnegeticOcto the Palentonga Hunter began the quest for the
                  | Orb.
     0 | D:1      | Reached XP level 1. HP: 17/17 MP: 1/1
   312 | D:1      | Reached XP level 2. HP: 22/23 MP: 2/2
   584 | D:2      | Reached skill level 4 in Bows
   611 | D:2      | Found a faded altar of an unknown god.
   687 | D:2      | Got Plato's Collected Works on the Voyage
   701 | D:2      | Reached XP level 3. HP: 28/28 MP: 3/3
  1269 | D:2      | Gained mutation: You are frail. (-10% HP) [potion of
                  | mutation]
  1269 | D:2      | Gained mutation: Your tail ends in a venomous barb. [potion
                  | of mutation]
  1269 | D:2      | Gained mutation: Your spells are a little easier to cast,
                  | but a little less powerful. [potion of mutation]
  1270 | D:2      | Succumbed to an adder's poison

Illustrated notes

Levels and vault maps discovered:
D:1:      minmay_arrival_split_and_join, layout_rooms
D:2:      layout_loops_ring, shapermc_ecumenical_altar_rom_forum

Skill      XL: |  1  2 |
---------------+-------+-----
Bows           | 4 |  4.3
Fighting       | |  2.0
Dodging        | |  1.5
Stealth        | |  0.9

Action                   || total
-------------------------++-------
 Fire: Shortbow          ||    99
  Use: Potion            ||     3
Armor: Leather armour    ||    26
Dodge: Dodged            ||    34

Table legend: (Time is in decaauts)
 A = Elapsed time spent in this place.
 B = Non-inter-level travel time spent in this place.
 C = Inter-level travel time spent in this place.
 D = Time resting spent in this place.
 E = Time spent auto-exploring this place.
 F = Levels seen in this place.
 G = Mean time per level.
                   A        B        C        D        E       F      G
               +--------+--------+--------+--------+--------+-----+--------+
         Total |   1302 |   1282 |     20 |      0 |   1010 |   2 |  651.0 |
       Dungeon |   1302 |   1282 |     20 |      0 |   1010 |   2 |  651.0 |
               +--------+--------+--------+--------+--------+-----+--------+

Top non-repeatable levels by time:
     D:2: 711 daAuts
     D:1: 591 daAuts
